 Dungeon Crawl Stone Soup version 0.19-a0-330-g034cfd4 (webtiles) character file.

194927 Delvonshi the Genius of the Arcane (level 19, -12/108 HPs)
             Began as a Kobold Ice Elementalist on May 28, 2016.
             Was the Champion of Sif Muna.
             Shot with a bolt by Vashnia (22 damage)
             ... on level 3 of the Snake Pit on May 29, 2016.
             The game lasted 04:18:55 (60396 turns).

Delvonshi the Genius of the Arcane (KoIE)          Turns: 60396, Time: 04:18:57

Health: -12/108    AC:  8    Str:  8    XL:     19   Next: 1%
Magic:  3/42       EV: 22    Int: 33    God:    Sif Muna [******]
Gold:   1015       SH: 12    Dex: 17    Spells: 8 memorised, 2 levels left

rFire  x . .     SeeInvis .     K - +9 flail "Zeboyve" {drain, rPois rF- MP+9 Int+9}
rCold  . . .     Gourm    .     F - +2 robe {Archmagi}
rNeg   . . .     Faith    .     f - +2 buckler
rPois  +         Spirit   .     D - +1 helmet
rElec  .         Dismiss  .     (no cloak)
rCorr  .         Reflect  +     C - +0 pair of gloves
SustAt .         Harm     .     L - +0 pair of boots
MR     +....                    q - +3 amulet of reflection
Stlth  ++........               b - ring of wizardry
                                O - +5 ring of intelligence

@: lethally poisoned (-12 -> -13), somewhat resistant to hostile enchantments,
unstealthy
A: carnivore 3
a: Channel Energy, Forget Spell, Renounce Religion
}: 1/15 runes: decaying


You were on level 3 of the Snake Pit.
You worshipped Sif Muna.
Sif Muna was exalted by your worship.
You were very full.

You visited 6 branches of the dungeon, and saw 29 of its levels.

You collected 2605 gold pieces.
You spent 1590 gold pieces at shops.

Inventory:

Hand Weapons
 x - the +2 quarterstaff "Zisilase" {freeze, rC+ MR- Dex+5 SInv}
   (You found it on level 1 of the Swamp)

   It has been specially enchanted to freeze those struck by it, causing extra
   injury to most foes and up to half again as much damage against particularly
   susceptible opponents.
   It can also slow down cold-blooded creatures.
   It affects your dexterity (+5).
   It protects you from cold.
   It affects your resistance to hostile enchantments.
   It lets you see invisible.
 E - the +2 quarterstaff of Jirogo {venom, rC++}
   (You bought it in a shop on level 2 of the Orcish Mines)

   It poisons the flesh of those it strikes.
   It greatly protects you from cold.
 K - the +9 flail "Zeboyve" (weapon) {drain, rPois rF- MP+9 Int+9}
   (You bought it in a shop on level 2 of the Orcish Mines)

   A truly terrible weapon, it drains the life of those it strikes.
   It affects your intelligence (+9).
   It makes you vulnerable to fire.
   It protects you from poison.
   It affects your magic capacity (+9).
Armour
 f - a +2 buckler (worn)
 C - a +0 pair of gloves (worn)
 D - a +1 helmet (worn)
 F - a +2 robe of the Archmagi (worn)
 L - a +0 pair of boots (worn)
 W - a +2 robe of resistance
Jewellery
 b - a ring of wizardry (right hand)
 l - an uncursed ring of protection from magic
 n - an uncursed ring of protection from cold
 q - a +3 amulet of reflection (around neck)
 w - an uncursed ring of sustain attributes
 A - an uncursed ring of resist corrosion {unknown}
 O - a +5 ring of intelligence (left hand)
Wands
 t - a wand of acid (8/15)
 v - a wand of iceblast (11/15)
 H - a wand of lightning (6/15)
 T - a wand of heal wounds (0/9)
Scrolls
 e - 11 scrolls of magic mapping
 g - 7 scrolls of identify
 h - 2 scrolls of teleportation
 r - 5 scrolls of fog
 u - 4 scrolls of immolation
 y - 6 scrolls of remove curse
 G - a scroll of recharging
 J - 2 scrolls of enchant weapon
 P - 4 scrolls of enchant armour
 Q - a scroll of acquirement {unknown}
 X - 2 scrolls of noise {unknown}
 Z - a scroll of amnesia
Potions
 d - a potion of cure mutation {unknown}
 i - a potion of magic
 j - 3 potions of agility
 k - a potion of berserk rage {unknown}
 o - 3 potions of cancellation
 p - 5 potions of flight
 s - 2 potions of haste
 z - 7 potions of curing
 B - 2 potions of might
 M - 7 potions of lignification
 S - a potion of heal wounds
 Y - 3 potions of brilliance
Books
 N - a book of Fire

   Spells                             Type                      Level
   a - Ignite Poison                  Fire/Transmutation/Poison    3
   b - Fireball                       Conjuration/Fire             5
   c - Bolt of Fire                   Conjuration/Fire             6
   d - Delayed Fireball               Conjuration/Fire             7
   e - Ring of Flames                 Charms/Fire                  7
 U - Sif Muna's Incunabulum of Confrontation
   (Sif Muna gifted it to you on level 11 of the Dungeon)

   Spells                             Type                      Level
   a - Searing Ray                    Conjuration                  2
   b - Lightning Bolt                 Conjuration/Air              5
   c - Poison Arrow                   Conjuration/Poison           6
   d - Spellforged Servitor           Conjuration/Summoning        7
   e - Glaciate                       Conjuration/Ice              9
Miscellaneous
 V - a sack of spiders
Comestibles
 a - a royal jelly
 c - 5 meat rations
 m - 3 slices of pizza
 I - 7 beef jerkies
 R - 2 chunks of flesh


   Skills:
 - Level 8.5 Fighting
 - Level 10.1 Dodging
 - Level 2.6 Stealth
 - Level 7.1 Shields
 - Level 10.2 Spellcasting
 - Level 13.0 Conjurations
 - Level 3.3 Summonings
 - Level 5.8 Transmutations
 - Level 11.6 Fire Magic
 - Level 12.3 Ice Magic
 + Level 9.6 Earth Magic
 - Level 13.8 Invocations


You had 2 spell levels left.
You knew the following spells:

 Your Spells              Type           Power        Failure   Level  Hunger
a - Freeze                Ice            ####         1%          1    None
b - Statue Form           Tmut/Erth      #######..    9%          6    #####..
c - Throw Icicle          Conj/Ice       ########     1%          4    None
d - Ozocubu's Armour      Chrm/Ice       ######..     1%          3    None
e - Summon Ice Beast      Ice/Summ       #######.     1%          4    None
f - Fireball              Conj/Fire      #######...   1%          5    ###....
g - Bolt of Fire          Conj/Fire      #######...   1%          6    #####..
h - Orb of Destruction    Conj           ########..   4%          7    ######.


Dungeon Overview and Level Annotations

Branches:
Dungeon (11/15)            Temple (1/1) D:5            Lair (8/8) D:11
  Swamp (4/4) Lair:6        Snake (3/4) Lair:4        Slime (0/6) Lair:8
    Orc (2/2) D:10            Elf (0/3) Orc:2

Altars:
Ashenzari
Cheibriados
Dithmenos
Elyvilon
Fedhas
Gozag
Hepliaklqana
Kikubaaqudgha
Makhleb
Nemelex Xobeh
Okawaru
Pakellas
Qazlal
Ru
Sif Muna
Trog
Ukayaw
Vehumet
Xom
Yredelemnul
Zin
The Shining One
Beogh

Shops:
D:8 [   Orc:2 =((*

Portals:
Trove: D:10 (give +4 demon trident)

Annotations:
D:10 godplex's ghost, novice DsCK
Swamp:3 Mara
Snake:3 Vashnia


Innate Abilities, Weirdness & Mutations

You are small and have problems with some larger weapons.
You are carnivorous and can eat meat at any time.


Message History

Your ice beast hits Vashnia.
Your ice beast freezes Vashnia.
Vashnia resists.
Your ice beast misses Vashnia.
Casting: Summon Ice Beast
Confirm with . or Enter, or press ? or * to list all spells.
You don't know that spell.
Casting: Summon Ice Beast
Confirm with . or Enter, or press ? or * to list all spells.
Aiming: Bolt of Fire
Press: ? - help, Shift-Dir - straight line, f - Vashnia
Aim: Vashnia, wielding an arbalest of flaming and wearing a glowing naga barding (purple smoke, severely wounded, shrouded)
You feel a surge of power!
Really fire in your ice beast's direction?
The bolt of fire misses your ice beast.
The bolt of fire hits Vashnia.
Vashnia is severely wounded.
You feel sick.
The naga sharpshooter shoots a bolt.
You reflect the bolt off an invisible shield around you!
The bolt hits the naga sharpshooter.
Vashnia gestures wildly while chanting.
Vashnia magically shoots a bolt.
The bolt hits you!!
You die...

# # ### #.#. ## ##.#
#...# #.##. ##..# ##...#
#..... ....##
###.....####......
.....##..................
.............#.§@........
............####YY...N.#
...........# #§N#####..#
..###.....## ##§§# .##
.## #......###§§N# ..##
## ##..........## ...###.
## ##.........# ..N...N
.## #.........# .......
..## #........N## ..%..>.


You could see Vashnia, a naga sharpshooter and 2 friendly ice beasts.

Vanquished Creatures
  Norris (Snake:3)
  Frances (Snake:3)
  4 thorn hunters (Swamp:4)
  Roxanne (Swamp:3)
  3 greater nagas (Snake:2)
  Aizul (Swamp:4)
  Maud (Lair:4)
  Erolcha (D:8)
  A fire dragon (Lair:8)
  6 naga warriors
  2 catoblepae (Lair:8)
  30 hydras
  A centaur warrior (Orc:2)
  4 ghost crabs
  4 anacondas
  11 alligators
  6 naga sharpshooters
  A spriggan berserker (Swamp:4)
  Nergalle (Lair:1)
  6 shock serpents
  2 death yaks (Lair:6)
  The ghost of godplex the Spear-Bearer, a novice DsCK of Xom (D:8)
  A salamander mystic (Snake:3)
  11 swamp dragons
  6 naga ritualists
  8 spriggan druids
  A hill giant (D:11)
  2 shambling mangroves (Swamp:4)
  Pikel (D:5)
  7 mana vipers
  An orc knight (Orc:2)
  2 griffons
  2 hornets (Swamp:1)
  An orc sorcerer (Orc:2)
  7 salamanders
  2 manticores (Lair:8)
  27 elephants
  6 naga magi
  A molten gargoyle (Lair:3)
  37 black mambas
  A centaur skeleton (D:11)
  A gargoyle (D:10)
  31 spiny frogs
  2 rime drakes
  9 komodo dragons
  5 trolls
  A polar bear (Lair:6)
  9 giant leeches
  10 slime creatures (Swamp:1)
  2 two-headed ogres
  28 blink frogs
  10 bog bodies
  Sigmund (D:5)
  14 spriggans
  A shadow (Swamp:2)
  38 yaks
  2 wyverns
  Eustachio (D:4)
  3 basilisks
  7 humans
  A hungry ghost (D:10)
  7 hippogriffs
  3 steam dragons (Lair:8)
  19 vampire mosquitoes
  2 wargs
  22 nagas
  25 insubstantial wisps
  18 swamp worms
  22 water moccasins
  19 swamp drakes
  8 porcupines
  2 ice beasts (D:9)
  36 orc warriors
  2 slaves (Temple)
  2 black bears
  A sky beast (D:7)
  14 wasps
  A necrophage (D:6)
  16 centaurs
  3 phantoms
  5 wolves
  12 ogres
  15 crocodiles
  A big kobold (D:9)
  Blork the orc (D:4)
  15 giant frogs
  2 water moccasin zombies (D:5)
  3 scorpions
  8 wights
  3 howler monkeys
  6 crimson imps
  4 centaur zombies
  2 giant frog zombies
  3 jellies
  20 orc wizards
  22 orc priests
  5 hounds
  3 giant frog skeletons
  12 iguanas
  Terence (D:5)
  9 worker ants
  Ijyb (D:2)
  2 killer bee zombies
  28 sheep
  A hound zombie (D:9)
  3 hound skeletons
  2 worker ant zombies
  7 adders
  66 river rats
  A shadow imp (D:7)
  5 adder skeletons
  4 worms
  14 giant geckos
  79 orcs
  13 bats
  8 giant cockroaches
  11 goblins
  12 hobgoblins
  12 jackals
  14 kobolds
  8 quokkas
  A ball python zombie (D:5)
  A giant cockroach zombie (D:6)
  8 giant newts
  A jackal skeleton (D:4)
  3 quokka skeletons
  14 rats
  A bush (Lair:8)
  A plant (Lair:3)
1084 creatures vanquished.

Vanquished Creatures (collateral kills)
  4 hydras
  2 death yaks (Lair:6)
  A hill giant (D:10)
  An orc knight (Orc:2)
  A griffon (Lair:8)
  4 elephants
  A black mamba (Lair:8)
  A rime drake (Lair:8)
  A komodo dragon (Lair:1)
  4 blink frogs
  A slime creature (Swamp:1)
  A spriggan (Swamp:4)
  10 yaks
  A hippogriff (Lair:8)
  2 basilisks
  A naga (Lair:4)
  A warg (D:10)
  5 orc warriors (Orc:2)
  An iguana (Lair:3)
  An orc wizard (Orc:2)
  5 sheep (Lair:8)
  2 river rats (Lair:4)
  3 orcs
54 creatures vanquished.

Vanquished Creatures (others)
  A spiny frog (Swamp:2)
  A howler monkey skeleton (D:5)
  A quokka (D:5)
  34 fungi
  27 plants
64 creatures vanquished.

Grand Total: 1202 creatures vanquished

Notes
Turn   | Place    | Note
--------------------------------------------------------------
     0 | D:1      | Delvonshi the Kobold Ice Elementalist began the quest for the Orb.
     0 | D:1      | Reached XP level 1. HP: 10/10 MP: 3/3
   125 | D:1      | Reached XP level 2. HP: 15/15 MP: 5/5
   782 | D:1      | Reached XP level 3. HP: 20/20 MP: 3/6
   790 | D:1      | Learned a level 2 spell: Throw Frost
   805 | D:1      | Reached skill level 1 in Conjurations
  1950 | D:2      | Reached XP level 4. HP: 24/24 MP: 7/7
  2010 | D:2      | Noticed Ijyb
  2263 | D:2      | Killed Ijyb
  3155 | D:2      | Reached XP level 5. HP: 28/28 MP: 1/8
  3697 | D:3      | Reached skill level 1 in Fighting
  4011 | D:3      | Noticed Terence
  4026 | D:3      | Noticed a giant frog
  4409 | D:3      | Killed a giant frog
  4409 | D:3      | Reached XP level 6. HP: 13/35 MP: 4/9
  5273 | D:4      | Reached skill level 5 in Ice Magic
  5441 | D:4      | Found an ancient bone altar of Kikubaaqudgha.
  5444 | D:4      | Found a stormy altar of Qazlal.
  5447 | D:4      | Found a hide-covered altar to Ukayaw.
  5448 | D:4      | Found a blossoming altar of Fedhas.
  5449 | D:4      | Found a burning altar of Makhleb.
  5451 | D:4      | Found a shadowy altar of Dithmenos.
  5665 | D:4      | Noticed Blork the orc
  5678 | D:4      | Killed Blork the orc
  5872 | D:4      | Reached XP level 7. HP: 39/40 MP: 8/11
  6392 | D:5      | Entered Level 5 of the Dungeon
  6392 | D:5      | Noticed Eustachio
  7827 | D:5      | Killed Terence
  8046 | D:4      | Killed Eustachio
  8046 | D:4      | Reached skill level 5 in Conjurations
  8046 | D:4      | Reached XP level 8. HP: 38/45 MP: 2/12
  8592 | D:5      | Found a staircase to the Ecumenical Temple.
  8613 | Temple   | Entered the Ecumenical Temple
  8630 | Temple   | Became a worshipper of Sif Muna the Loreminder
  9376 | D:5      | Noticed Sigmund
 11067 | D:5      | Killed Sigmund
 11067 | D:5      | Reached * piety under Sif Muna
 11068 | D:5      | Noticed Pikel
 11070 | D:5      | Killed Pikel
 11070 | D:5      | Reached XP level 9. HP: 48/49 MP: 13/13
 11081 | D:5      | Reached ** piety under Sif Muna
 11166 | D:5      | Learned a level 4 spell: Throw Icicle
 11693 | D:6      | Reached skill level 1 in Invocations
 12565 | D:6      | Found a bloodstained altar of Trog.
 13326 | D:6      | Learned a level 3 spell: Ozocubu's Armour
 13724 | D:7      | Found a bloodstained altar of Trog.
 13867 | D:7      | Reached XP level 10. HP: 50/51 MP: 1/14
 14790 | D:7      | Reached *** piety under Sif Muna
 15114 | D:8      | Noticed Erolcha
 15137 | D:8      | Paralysed by Erolcha for 7 turns
 15479 | D:8      | Found Yschaitwa's Armour Boutique.
 15738 | D:8      | Killed Erolcha
 15738 | D:8      | Reached skill level 5 in Invocations
 15840 | D:8      | You fall through a shaft for 3 floors!
 15966 | D:10     | Entered Level 10 of the Dungeon
 16259 | D:10     | Found a portal to a secret trove of treasure.
 16608 | D:9      | Reached skill level 10 in Ice Magic
 16855 | D:9      | Reached **** piety under Sif Muna
 17063 | D:9      | Reached XP level 11. HP: 48/55 MP: 5/15
 17569 | D:8      | Found an iron altar of Okawaru.
 17675 | D:8      | Noticed godplex's ghost (novice DsCK)
 17692 | D:8      | Killed godplex's ghost
 18198 | D:8      | Learned a level 4 spell: Summon Ice Beast
 18334 | D:9      | Reached skill level 1 in Summonings
 19083 | D:9      | Reached ***** piety under Sif Muna
 19256 | D:10     | Noticed godplex's ghost (novice DsCK)
 19666 | D:10     | Found a shadowy altar of Dithmenos.
 21114 | D:10     | Reached skill level 5 in Spellcasting
 21333 | D:10     | Learned a level 5 spell: Fireball
 21438 | D:10     | Reached skill level 1 in Fire Magic
 22117 | D:10     | Reached XP level 12. HP: 63/63 MP: 1/20
 22179 | D:10     | Found a staircase to the Orcish Mines.
 23495 | D:11     | Found a shadowy altar of Dithmenos.
 23567 | D:11     | Reached ****** piety under Sif Muna
 23567 | D:11     | Received a gift from Sif Muna
 23662 | D:11     | Identified Sif Muna's Incunabulum of Confrontation (Sif Muna gifted it to you on level 11 of the Dungeon)
 23788 | D:11     | Reached skill level 5 in Fire Magic
 23974 | D:11     | Found a staircase to the Lair.
 25206 | Lair:1   | Entered Level 1 of the Lair of Beasts
 25776 | Lair:1   | Noticed Nergalle
 25783 | Lair:1   | Killed Nergalle
 25914 | Lair:1   | Noticed a four-headed hydra
 25925 | Lair:1   | Killed a four-headed hydra
 27002 | Lair:1   | You fall through a shaft!
 27017 | Lair:1   | Noticed a four-headed hydra
 27025 | Lair:1   | Killed a four-headed hydra
 27025 | Lair:1   | Reached XP level 13. HP: 68/68 MP: 17/25
 27736 | Lair:2   | Received a gift from Sif Muna
 28219 | Lair:2   | Identified Sif Muna's Compendium of Confrontation (Sif Muna gifted it to you on level 2 of the Lair of Beasts)
 28224 | Lair:2   | Learned a level 3 spell: Mephitic Cloud
 29147 | Lair:3   | Noticed a seven-headed hydra
 29157 | Lair:3   | Killed a seven-headed hydra
 29745 | Lair:3   | Reached skill level 10 in Spellcasting
 30177 | Lair:3   | Noticed a five-headed hydra
 30194 | Lair:3   | Killed a five-headed hydra
 31113 | Lair:4   | Noticed Maud
 31170 | Lair:4   | Killed Maud
 31844 | Lair:4   | Received a gift from Sif Muna
 31867 | Lair:4   | Identified Meho's Guide on Displaced Calling (Sif Muna gifted it to you on level 4 of the Lair of Beasts)
 32449 | Lair:4   | Found a staircase to the Snake Pit.
 32646 | Lair:4   | Reached XP level 14. HP: 69/76 MP: 1/28
 33276 | Lair:5   | Reached skill level 5 in Dodging
 33536 | Lair:5   | Reached skill level 10 in Conjurations
 34886 | Lair:5   | You fall through a shaft for 3 floors!
 34886 | Lair:8   | Entered Level 8 of the Lair of Beasts
 35103 | Lair:8   | Found a staircase to the Slime Pits.
 37284 | Lair:6   | Got a brightly glowing hand crossbow
 37292 | Lair:6   | Identified the +7 hand crossbow "Dass" {velocity, Int+3 Dex+2} (You found it on level 6 of the Lair of Beasts)
 37315 | Lair:6   | Found a staircase to the Swamp.
 37627 | Lair:6   | Learned a level 6 spell: Bolt of Fire
 37818 | Lair:6   | Reached skill level 10 in Dodging
 38264 | Lair:5   | Got a slimy war axe
 38265 | Lair:5   | Identified the cursed +1 war axe of Circularity {venom, +Blink rN+} (You found it on level 5 of the Lair of Beasts)
 38505 | Orc:1    | Entered Level 1 of the Orcish Mines
 38510 | Orc:1    | Reached skill level 10 in Fire Magic
 39172 | Orc:1    | Reached skill level 5 in Fighting
 39388 | Orc:2    | Entered Level 2 of the Orcish Mines
 39654 | Orc:2    | Found a staircase to the Elven Halls.
 39768 | Orc:2    | Found a roughly hewn altar of Beogh.
 39858 | Orc:2    | Found a roughly hewn altar of Beogh.
 39980 | Orc:2    | Reached XP level 15. HP: 53/82 MP: 6/29
 40505 | Orc:2    | Received a gift from Sif Muna
 40510 | Orc:2    | Identified Sif Muna's Incunabulum of Lethal Ignition (Sif Muna gifted it to you on level 2 of the Orcish Mines)
 41082 | Orc:2    | Found Kiutset's Antique Weapon Boutique.
 41082 | Orc:2    | Found Hiepaega's Antique Weapon Emporium.
 41084 | Orc:2    | Found Tiatus's Assorted Antiques.
 41086 | Orc:2    | Found Ysihut's Jewellery Shop.
 41104 | Orc:2    | Bought an uncursed ring of wizardry for 420 gold pieces
 41104 | Orc:2    | Bought a cursed +3 amulet of reflection for 308 gold pieces
 41104 | Orc:2    | Bought an uncursed ring of poison resistance for 280 gold pieces
 41113 | Orc:2    | Bought an embroidered hat for 108 gold pieces
 41439 | Orc:2    | Bought an ancient whip for 142 gold pieces
 41439 | Orc:2    | Identified the +9 whip of Subjectivity {slash, Dex+3} (You bought it in a shop on level 2 of the Orcish Mines)
 41441 | Orc:2    | Bought a transparent quarterstaff for 171 gold pieces
 41441 | Orc:2    | Identified the cursed +2 quarterstaff of Jirogo {venom, rC++} (You bought it in a shop on level 2 of the Orcish Mines)
 41443 | Orc:2    | Bought a warped flail for 161 gold pieces
 41444 | Orc:2    | Identified the +9 flail "Zeboyve" {drain, rPois rF- MP+9 Int+9} (You bought it in a shop on level 2 of the Orcish Mines)
 41718 | Swamp:1  | Entered Level 1 of the Swamp
 42440 | Swamp:1  | Got a steaming quarterstaff
 42441 | Swamp:1  | Identified the +2 quarterstaff "Zisilase" {freeze, rC+ MR- Dex+5 SInv} (You found it on level 1 of the Swamp)
 43987 | Swamp:2  | HP: 2/88 [spectral seven-headed hydra[a ghost crab] (6)]
 45793 | Swamp:3  | Reached XP level 16. HP: 91/94 MP: 13/30
 45907 | Swamp:3  | Received a gift from Sif Muna
 46006 | Swamp:3  | Identified Jenim's Catalogue of the Excruciating Escort (Sif Muna gifted it to you on level 3 of the Swamp)
 46015 | Swamp:3  | Learned a level 7 spell: Orb of Destruction
 46060 | Swamp:3  | Noticed Roxanne
 46069 | Swamp:3  | Killed Roxanne
 46214 | Swamp:3  | Identified Roxanne's Papyrus of Stones (You took it off Roxanne on level 3 of the Swamp)
 47331 | Swamp:3  | Noticed Mara
 47966 | Swamp:4  | Entered Level 4 of the Swamp
 47977 | Swamp:4  | Reached skill level 1 in Shields
 48833 | Swamp:4  | Reached skill level 5 in Shields
 49279 | Swamp:4  | Reached XP level 17. HP: 65/99 MP: 3/31
 49370 | Swamp:4  | Noticed a thorn hunter
 49379 | Swamp:4  | Killed a thorn hunter
 49853 | Swamp:4  | Noticed Aizul
 49866 | Swamp:4  | Killed Aizul
 49939 | Swamp:4  | Noticed a thorn hunter
 49943 | Swamp:4  | Killed a thorn hunter
 49943 | Swamp:4  | Reached skill level 10 in Invocations
 50065 | Swamp:4  | Noticed a thorn hunter
 50069 | Swamp:4  | Killed a thorn hunter
 50536 | Swamp:4  | Got a distressingly furry robe
 50693 | Swamp:4  | Noticed a thorn hunter
 50696 | Swamp:4  | Killed a thorn hunter
 50802 | Swamp:3  | Identified the +1 robe of Geruir {rF+ Int+2 Dex+4 SInv} (You took it off a spriggan on level 4 of the Swamp)
 50845 | Swamp:4  | Got a decaying rune of Zot
 54442 | Snake:1  | Entered Level 1 of the Snake Pit
 54614 | Lair:1   | Learned a level 6 spell: Statue Form
 54813 | Snake:1  | Reached skill level 1 in Earth Magic
 54826 | Snake:1  | Reached XP level 18. HP: 104/104 MP: 28/32
 54829 | Snake:1  | Reached skill level 1 in Transmutations
 56703 | Snake:2  | Noticed Frances
 56890 | Snake:2  | Reached skill level 5 in Earth Magic
 57584 | Snake:2  | Received a gift from Sif Muna
 57588 | Snake:2  | Identified Sif Muna's Collected Works on Summoning (Sif Muna gifted it to you on level 2 of the Snake Pit)
 57597 | Snake:2  | Reached skill level 5 in Transmutations
 58803 | Snake:3  | Noticed Norris
 58992 | Snake:3  | Killed Norris
 59034 | Snake:3  | Killed Frances
 60361 | Snake:3  | Reached XP level 19. HP: 79/108 MP: 30/33
 60369 | Snake:3  | Noticed Vashnia
 60385 | Snake:3  | HP: 3/108 [Vashnia/bolt (16)]
 60392 | Snake:3  | HP: 2/108 [naga sharpshooter/bolt[Vashnia] (25)]
 60396 | Snake:3  | Shot with a bolt by Vashnia

Vault maps used:
D:1:      scummos_arrival_star, minmay_close_crescents
D:2:      kennysheep_the_goblin_king
D:3:      first_bread, gup_sewer_entry_bubbles, uniq_terence
D:4:      minitemple, kennysheep_minor_cross, uniq_blork_the_orc
D:5:      roderic_greek_sauvastika, water_boxes_lemuel, uniq_sigmund,
          uniq_eustachio, uniq_pikel
D:6:      basic_altar
D:7:      kennysheep_mini_moat, grunt_livestock
D:8:      marbit_many_paths, serial_shops, kennysheep_mini, uniq_erolcha
D:9:      minmay_ruffians
D:10:     david_orc_3, nicolae_trove_entry_diagonal,
          nicolae_dithmenos_shadow_blocks
D:11:     lair_0_dummy, special_room, basic_altar
Temple:   water_room_temple_a_12
Lair:1:   serial_bayou_shore_a, uniq_nergalle
Lair:3:   beast_lair_carwin_8, serial_bayou_shore_b
Lair:4:   minmay_snake_entry_guardpost_large, serial_bayou_pond_d,
          patterned_corridor, uniq_maud
Lair:5:   minivault_23
Lair:6:   swamp_mist_pool, uniq_kirke
Lair:7:   grunt_forest_stairs_clearing
Lair:8:   hangedman_lair_in_review, guppyfry_lair_end_dragon, slime_dummy,
          serial_bayou_pond_e, lemuel_fruit_tree
Swamp:1:  hangedman_swamp_blocks, infiniplex_staircase_pool
Swamp:2:  nicolae_swamp_feature_on_the_river_bank, swamp_pool3
Swamp:3:  evilmike_swamp_ruin_rubble_2, swamp_pool5, uniq_roxanne, uniq_mara
Swamp:4:  swamp_basic_johnstein, uniq_aizul
Snake:1:  cheibrodos_snake_ritualist_ritual
Snake:2:  serial_bayou_shore_b, uniq_frances
Snake:3:  uniq_vashnia, uniq_norris
Orc:2:    st_orc_rangers, basic_altar, david_defended_altar_orc

Skill      XL: |  1  2  3  4  5  6  7  8  9 10 11 12 13 14 15 16 17 18 |
---------------+-------------------------------------------------------+-----
Conjurations   | 2 3 5 8 9 11 12 13 | 13.0
Ice Magic      | 4 5 7 10 11 12 | 12.3
Fighting       | 2 4 5 8 |  8.5
Invocations    | 3 6 8 13 | 13.8
Summonings     | 3 |  3.3
Spellcasting   | 5 8 10 | 10.2
Fire Magic     | 2 7 9 10 11 | 11.6
Dodging        | 3 10 | 10.1
Shields        | 6 7 |  7.1
Earth Magic    | 1 9 |  9.6
Transmutations | 5 |  5.8
Stealth        | |  2.6

Action                   |  1- 3 |  4- 6 |  7- 9 | 10-12 | 13-15 | 16-18 | 19-21 || total
-------------------------+-------+-------+-------+-------+-------+-------+-------++-------
Melee: Dagger            |    78 |   121 |    69 |     1 |       |       |       ||   269
       Unarmed           |     1 |       |       |       |       |       |       ||     1
       Flail             |       |       |   271 |   213 |    29 |    40 |       ||   553
 Fire: Hand crossbow     |       |       |       |       |     9 |       |       ||     9
Throw: Tomahawk          |       |       |     9 |       |     2 |       |       ||    11
 Cast: Freeze            |    22 |    41 |   139 |   206 |   180 |     9 |       ||   597
       Throw Frost       |     3 |    22 |    38 |     2 |       |       |       ||    65
       Throw Icicle      |       |       |    25 |   233 |   433 |   534 |     3 ||  1228
       Ozocubu's Armour  |       |       |     1 |     7 |    28 |    15 |       ||    51
       Summon Ice Beast  |       |       |       |    22 |    62 |     7 |     2 ||    93
       Fireball          |       |       |       |       |    79 |    19 |       ||    98
       Mephitic Cloud    |       |       |       |       |    12 |     3 |       ||    15
       Bolt of Fire      |       |       |       |       |    35 |    81 |     2 ||   118
       Orb of Destructio |       |       |       |       |       |    57 |     1 ||    58
Invok: Channel Energy    |       |       |       |    50 |   167 |   150 |     1 ||   368
       Forget Spell      |       |       |       |       |     1 |     1 |       ||     2
Evoke: Wand              |       |     3 |     8 |     1 |    10 |       |     4 ||    26
  Use: Potion            |       |     1 |       |     4 |     7 |     4 |       ||    16
       Scroll            |       |    11 |     3 |     2 |    25 |     3 |     1 ||    45
 Stab: Sleeping          |     7 |     9 |       |     3 |       |       |       ||    19
       Distracted        |       |       |     2 |       |       |       |       ||     2
  Eat: Chunk             |    11 |    15 |    34 |    83 |   139 |    89 |       ||   371
       Pizza             |       |       |       |     1 |     3 |     1 |       ||     5
       Meat ration       |       |       |       |     1 |       |     4 |       ||     5
       Royal jelly       |       |       |       |       |       |     1 |       ||     1
Armor: Robe              |    16 |    20 |   157 |   185 |    91 |    45 |       ||   514
Dodge: Dodged            |    68 |    94 |   405 |   448 |   359 |   265 |     1 ||  1640
Block: Other             |       |       |       |       |     9 |     3 |       ||    12
       Buckler           |       |       |       |       |       |   200 |     1 ||   201
       Reflection        |       |       |       |       |       |    18 |     1 ||    19
